 Dungeon Crawl Stone Soup version 0.27-a0-1612-gde56a17b89 (webtiles) character file.

Game seed: 5833830246000027303

277 angelsbits the Chopper (level 6, -2/48 HPs)
             Began as a Demonspawn Berserker on July 22, 2021.
             Was an Initiate of Ashenzari.
             Killed by divine providence
             ... invoked by an orc priest
              (9 damage)
             ... on level 5 of the Dungeon.
             The game lasted 00:38:43 (4390 turns).

angelsbits the Chopper (Demonspawn Berserker)       Turns: 4390, Time: 00:38:47

Health: -2/48      AC:  2    Str: 19    XL:     6   Next: 4%
Magic:  6/6        EV: 12    Int: 15    God:    Ashenzari [......]
Gold:   198        SH:  0    Dex: 12    Spells: 5/5 levels left

rFire    . . .     SeeInvis +   K - +0 flail
rCold    . . .     Faith    .   (no shield)
rNeg     . . .     Spirit   .   b - +0 animal skin
rPois    .         Reflect  .   (helmet restricted)
rElec    .         Harm     .   (no cloak)
rCorr    .         Rampage  .   (no gloves)
Will     .....                  (no boots)
Stlth    ++........             (no amulet)
HPRegen  0.16/turn              G - ring of see invisible
MPRegen  0.10/turn              H - +6 ring of intelligence

@: no status effects
A: claws 2, horns 2, demonic guardian 1
a: Renounce Religion, Curse Item


You were on level 5 of the Dungeon.
You worshipped Ashenzari.
Ashenzari was noncommittal.
You visited 1 branch of the dungeon, and saw 5 of its levels.

You collected 198 gold pieces.

Inventory:

Hand Weapons
 c - a +0 scimitar
 i - a +0 giant club
 q - a +0 hand axe
 t - a +0 club
 u - a +0 hunting sling
 D - a +0 whip
 K - a +0 flail (weapon)
Missiles
 d - 112 stones (quivered)
 s - 101 arrows
 v - 34 bolts
 M - 8 poisoned darts
Armour
 b - a +0 animal skin (worn)
 e - a +0 cloak
 f - a +0 ring mail
 h - a +0 robe
 m - a +0 leather armour
 B - a +0 ring mail
Jewellery
 G - a ring of see invisible (left claw)
 H - a +6 ring of intelligence (right claw)
Scrolls
 g - a scroll of vulnerability
 j - a scroll of enchant armour
 r - a scroll of noise
 w - 2 scrolls of teleportation
 I - 2 scrolls of identify
 N - a scroll of amnesia
Potions
 a - a potion of lignification
 k - a potion of degeneration
 l - a potion of brilliance
 n - a potion of flight
 p - a potion of magic


   Skills:
 + Level 4.0 Fighting
 + Level 4.6 Axes
 + Level 0.8(3.0) Maces & Flails
 + Level 1.9 Armour
 + Level 2.8 Dodging
 + Level 1.4 Stealth


You had 5 spell levels left.
You didn't know any spells.
Your spell library contained the following spells:

 Spells                   Type           Power      Damage    Failure   Level
 Animate Skeleton         Necr           0%         N/A       26%         1
 Pain                     Necr           0%         1d4       26%         1
 Vampiric Draining        Necr           0%         2d6       63%         3
 Airstrike                Air            0%         N/A       95%         4
 Summon Lightning Spire   Summ/Air       0%         N/A       95%         4
 Lightning Bolt           Conj/Air       0%         1d11      100%        5


Dungeon Overview and Level Annotations

Branches:
Dungeon (5/15)
 Temple: D:4-7

Altars:
Ashenzari
Cheibriados
Nemelex Xobeh
Trog
The Shining One

Shops:
D:1 :


Innate Abilities, Weirdness & Mutations

You have very sharp fingernails.
You have a pair of horns on your head.
A weak demonic guardian rushes to your aid.


Message History

The orc hits you with a +0 whip.
You bump into the rock wall.
The orc wizard closely misses you. The orc hits you with a +0 whip.
A demonic guardian appears!
You bump into the rock wall.
The orc priest calls upon Beogh to heal the orc.
The orc's wounds heal themselves!
A jackal comes into view.
The orc wizard hits you with a +0 dagger.
Your white imp gestures at the orc priest.
The puff of frost hits the orc priest but does no damage.
The orc hits you with a +0 whip.
You're too confused to move!
The orc wizard completely misses you.
Your white imp barely misses the orc priest.
The orc hits you with a +0 whip.
You bump into the rock wall.
The jackal misses your white imp.
The jackal bites your white imp but does no damage.
The orc wizard barely misses you.
Your white imp gestures at the jackal.
The puff of frost hits the jackal!
The jackal dies!
The orc closely misses you.
You bump into the rock wall.
The orc wizard hits you but does no damage.
Your white imp closely misses the orc.
The orc closely misses you.
You bump into the rock wall.
The orc wizard barely misses you. The orc completely misses you.
Your white imp hits the orc.
Your white imp freezes the orc.
You completely miss the orc wizard. Your headbutt misses the orc wizard.
The orc wizard is severely wounded.
You feel less confused.
The orc priest invokes the aid of Beogh against you.
Beogh smites you!
* * * LOW HITPOINT WARNING * * *
The orc wizard hits you with a +0 dagger.
* * * LOW HITPOINT WARNING * * *
A demonic guardian appears!
The orc barely misses you. Something barely misses your white imp.
Your white imp barely misses the orc.
The orc priest invokes the aid of Beogh against you.
Beogh smites you!
You die...

########
####.o....#
..........# ##.##
###...###<#......
.....oo@o5.....#
###..5###?#.####
#.† .)#.# ...
..$# # ### #####


You could see an orc priest, an orc wizard (invisible), an orc (ally target), a
friendly quasit (summoned, wandering) and a friendly white imp (summoned).

Vanquished Creatures
  An ogre (D:4)
  A scorpion (D:4)
  An orc priest (D:3)
  A howler monkey skeleton (D:4)
  3 adders
  3 dart slugs
  4 orcs (D:3)
  3 endoplasms
  2 giant cockroaches
  10 goblins
  7 hobgoblins
  8 jackals (D:3)
  4 kobolds
  7 ball pythons
  2 bats (D:1)
  8 frilled lizards
  2 rats (D:1)
67 creatures vanquished.

Vanquished Creatures (collateral kills)
  A jackal (D:5)
1 creature vanquished.

Grand Total: 68 creatures vanquished

Notes
Turn   | Place    | Note
-------+----------+-------------------------------------------
     0 | D:1      | angelsbits the Demonspawn Berserker began the quest for the
                  | Orb.
     0 | D:1      | Reached XP level 1. HP: 18/18 MP: 1/1
   459 | D:1      | Gained mutation: You have a pair of small horns on your
                  | head. [demonic ancestry]
   459 | D:1      | Reached XP level 2. HP: 22/24 MP: 2/2
   507 | D:1      | Found a faded altar of an unknown god.
   563 | D:1      | Found Fungong's Book Boutique.
  2086 | D:3      | Gained mutation: You have a pair of horns on your head.
                  | [demonic ancestry]
  2086 | D:3      | Reached XP level 3. HP: 29/29 MP: 3/3
  2333 | D:3      | Gained mutation: A weak demonic guardian rushes to your
                  | aid. [demonic ancestry]
  2333 | D:3      | Reached XP level 4. HP: 28/35 MP: 4/4
  2421 | D:3      | Reached ** piety under Trog
  2495 | D:3      | Found a broken altar of Ashenzari.
  2512 | D:3      | Fell from the grace of Trog
  2512 | D:3      | Became a worshipper of Ashenzari the Shackled
  3473 | D:4      | Found a sparkling altar of Nemelex Xobeh.
  3479 | D:4      | Noticed a scorpion
  3485 | D:4      | Killed a scorpion
  3486 | D:4      | Gained mutation: You have sharp fingernails. [demonic
                  | ancestry]
  3486 | D:4      | Reached XP level 5. HP: 20/42 MP: 5/5
  3649 | D:4      | Reached skill level 1 in Stealth
  3927 | D:4      | Noticed an ogre
  3937 | D:4      | Killed an ogre
  3959 | D:4      | Found a bloodstained altar of Trog.
  3961 | D:4      | Gained mutation: You have very sharp fingernails. [demonic
                  | ancestry]
  3961 | D:4      | Reached XP level 6. HP: 48/48 MP: 6/6
  4072 | D:4      | Found a snail-covered altar of Cheibriados.
  4372 | D:5      | Entered Level 5 of the Dungeon
  4390 | D:5      | Killed from afar by an orc priest

Illustrated notes

Levels and vault maps discovered:
D:1:      dpeg_arrival_boxorama, layout_basic,
          hellmonk_ecumenical_altar_arch_garden, serial_shops, shop,
          minmay_tromino_mix6
D:2:      layout_basic, kennysheep_small_spiral, kennysheep_another_room
D:3:      layout_basic, tso_metal_star, lemuel_doored_altar
D:4:      layout_rooms, mainiacjoe_overflow_brackets, lemuel_tele_altar,
          mainiacjoe_overflow_six_doors_small
D:5:      layout_loops_cross

Skill      XL: |  1  2  3  4  5 |
---------------+----------------+-----
Axes           | 3 4 |  4.6
Dodging        | 2 |  2.8
Stealth        | 1 |  1.4
Fighting       | 4 |  4.0
Maces & Flails | |  0.8
Armour         | |  1.9

Action                   |  1- 3 |  4- 6 || total
-------------------------+-------+-------++-------
Melee: Hand axe          |    73 |    45 ||   118
       Headbutt          |     8 |    15 ||    23
       Flail             |       |    44 ||    44
Invok: Berserk           |     2 |       ||     2
  Use: Scroll            |       |     1 ||     1
 Stab: Sleeping          |       |     1 ||     1
Armor: Animal skin       |    11 |    15 ||    26
Dodge: Dodged            |    55 |    74 ||   129

Table legend: (Time is in decaauts)
 A = Elapsed time spent in this place.
 B = Non-inter-level travel time spent in this place.
 C = Inter-level travel time spent in this place.
 D = Time resting spent in this place.
 E = Time spent auto-exploring this place.
 F = Levels seen in this place.
 G = Mean time per level.
                   A        B        C        D        E       F      G
               +--------+--------+--------+--------+--------+-----+--------+
         Total |   4439 |   1795 |   2644 |   1159 |      0 |   5 |  887.8 |
       Dungeon |   4439 |   1795 |   2644 |   1159 |      0 |   5 |  887.8 |
               +--------+--------+--------+--------+--------+-----+--------+

Top non-repeatable levels by time:
     D:3: 1409 daAuts
     D:1: 1166 daAuts
     D:4: 934 daAuts
     D:2: 908 daAuts
     D:5: 19 daAuts
